 Dungeon Sprint DCSS version 0.02-122-g12e50fee3c (webtiles) character file.

Game seed: 175023410041066864, levelgen mode: deterministic

137 lorenzova the Arsonist (level 5, -8/28 HPs) Deep Elf Fire Elementalist. Began on Oct 8, 2020. Mangled by a red devil ... wielding a +0 trident ... summoned by a kobold demonologist (16 damage) ... in the Dungeon (Sprint III: "The Ten Rune Challenge"). The game lasted 00:01:48 (263 turns).

lorenzova the Arsonist (Deep Elf Fire Elementalist)  Turns: 263, Time: 00:01:49

Health: -8/28      AC:  3    Str:  5    XL:     5 ^: 183
Magic:  5/18       EV: 13    Int: 21    God:
Gold:   21         SH:  0    Dex: 15    Spells: 11/21 levels left

rFire    . . .     Vision   .   j - +2 quarterstaff (chaos)
rCold    . . .     Gourm    .   (also wielding the above weapon)
rNeg     . . .     Faith    .   a - +0 robe
rPois    .         Spirit   .   (no helmet)
rElec    .         Reflect  .   k - +0 cloak
rCorr    .         Harm     .   (no gloves)
MR       .....     Clarity  +   (no boots) Stlth ++........NoTele +
                                (no amulet)
HPRegen  0.59/turn              (no ring)
MPRegen  0.28/turn              (no ring)

@: no status effects
A: talons 1, clarity, sense surroundings 1, regeneration 1
a: no special abilities


You were in the Dungeon.
You were not hungry.

You visited 1 branch You collected 21 gold pieces.

Inventory:

Weapons
 j - a +2 quarterstaff of chaos (weapon)
Armour
 a - a +0 robe (worn)
 k - a +0 cloak (worn)
Wands
 b - a wand of random effects (2)
Scrolls
 i - a scroll of blinking
 l - a scroll of magic mapping
 m - 2 scrolls of bless item
 n - a scroll of enchantment
Potions
 d - a potion of curing
 e - a potion of heal wounds
 f - a potion of haste
 g - 2 potions of magic
 h - 3 potions of berserk rage
 o - a potion of mutation
Comestibles
 c - 3 rations


   Skills:
 - Level 2.4 Dodging
 - Level 2.4 Stealth
 + Level 8.8 Spellcasting
 + Level 9.0 Fire Magic


You had 11 spell levels left.
You knew the following spells:

 Your Spells              Type           Power        Failure   Level  Hunger
a - Foxfire               Fire           25 (25)      1%          1    None
b - Searing Ray           Fire           47 (50)      1%          2    None
c - Conjure Flame         Fire           47 (100)     1%          3    None
d - Sticky Flame          Fire/Pois      28 (100)     11%         4    ###....

Your spell library contained the following spells:

 Spells                   Type           Power        Failure   Level  Hunger
 Inner Flame              Hex/Fire       28 (100)     3%          3    None
 Fireball                 Fire           47 (200)     4%          5    #####..


Dungeon Overview and Level Annotations

Branches:
Dungeon (1/1)

Altars:
Kikubaaqudgha
Sif Muna
Vehumet


Innate Abilities, Weirdness & Mutations

You have sharp toenails.
You possess an exceptional clarity of mind.
You passively map a small area around you.
Your natural rate of healing is unusually fast.


Message History

The searing ray hits the red devil (1).
The red devil partially resists.
The red devil is lightly wounded. (31/32) HP The red devil hits you from afar with a trident (5).
* * * LOW HITPOINT WARNING * * *
Unknown command.
The kobold demonologist casts a spell.
Casting: Searing Ray (safe; 1% risk of failure)
Confirm with . or Enter, or press ? or * to list all spells.
You don't know that spell.
Casting: Searing Ray (safe; 1% risk of failure)
Confirm with . or Enter, or press ? or * to list all spells.
Aiming: Searing Ray (safe; 1% risk of failure)
Press: ? - help, Shift-Dir - straight line, f/p - kobold demonologist
Aim: a kobold demonologist, wielding a +0 dagger and wearing a +0 robe (severely wounded (4/11))
The searing ray hits the red devil (1).
The red devil is lightly wounded. (31/32) HP (Press . to maintain the ray.)
The red devil hits you from afar with a trident (16)!
Ouch! That really hurt!
You die...

▓▓▓▓▓▓▓▓▓▓▓ ▓▓▓
#?.'...♣♣♣♣ ♣.# *
#?.#.....♣♣♣♣♣.#_ _ ,
####....♣♣♣♣♣♣.# _ *
...#...†≈.♣♣♣..###+#+###
..†#...≈≈♣...♣.#........,
,
..)#..≈≈≈≈.♣...'.⌠......
##'#..≈≈≈≈≈≈...#...#####
†.†#.≈≈≈≈≈≈....#@⌠.#_
...#.≈≈≈≈≈.....#...#_ ,
...#.≈≈≈.......#4###
####...........#5K
.......†.......#55_ + ,
▓▓▓▓▓▓▓▓▓▓▓▓▓▓▓▓▓▓▓▓ * *
, ,* , ≈ ≈≈ , *


You could see a kobold demonologist, a red devil, a quasit and 2 ufetubi.

Vanquished Creatures
  A water elemental (D)
  Crazy Yiuf (D)
  A wizard (D)
  A human (D)
  An ooze (D)
  3 rats (D)
8 creatures vanquished.

Vanquished Creatures (others)
  6 hellions (D)
  34 foxfires (D)
  4 plants (D)
44 creatures vanquished.

Grand Total: 52 creatures vanquished

Notes
Turn   | Place    | Note
-------+----------+-------------------------------------------
     0 | D        | lorenzova the Deep Elf Fire Elementalist began the quest
                  | for the Orb.
     0 | D        | Reached XP level 1. HP: 10/10 MP: 6/6
     5 | D        | Reached skill level 4 in Fire Magic
    60 | D        | Reached skill level 5 in Spellcasting
    60 | D        | Reached skill level 6 in Fire Magic
    60 | D        | Reached XP level 2. HP: 15/15 MP: 1/10
    82 | D        | Killed a hellion
    91 | D        | Killed a hellion
    92 | D        | Killed a hellion
   107 | D        | Learned a level 2 spell: Searing Ray
   112 | D        | Noticed Crazy Yiuf
   118 | D        | Killed Crazy Yiuf
   118 | D        | Reached skill level 7 in Fire Magic
   118 | D        | Reached XP level 3. HP: 19/19 MP: 5/12
   143 | D        | Learned a level 3 spell: Conjure Flame
   146 | D        | Killed a hellion
   147 | D        | Killed a hellion
   162 | D        | Gained mutation: You are heat resistant. (rF+) [potion of
                  | mutation]
   162 | D        | Gained mutation: Your body sometimes deteriorates upon
                  | taking damage. [potion of mutation]
   162 | D        | Gained mutation: You passively map a small area around you.
                  | [potion of mutation]
   163 | D        | Lost mutation: Your body sometimes deteriorates upon taking
                  | damage. [potion of mutation]
   163 | D        | Lost mutation: You are heat resistant. (rF+) [potion of
                  | mutation]
   163 | D        | Gained mutation: You passively map the area around you.
                  | [potion of mutation]
   163 | D        | Gained mutation: Your movements are slightly less
                  | encumbered by armour. (ER -2) [potion of mutation]
   164 | D        | Lost mutation: You passively map the area around you.
                  | [potion of mutation]
   164 | D        | Lost mutation: Your movements are slightly less encumbered
                  | by armour. (ER -2) [potion of mutation]
   164 | D        | Gained mutation: Your natural rate of healing is unusually
                  | fast. [potion of mutation]
   164 | D        | Gained mutation: You possess an exceptional clarity of
                  | mind. [potion of mutation]
   164 | D        | Gained mutation: You have sharp toenails. [potion of
                  | mutation]
   204 | D        | Noticed a water elemental
   207 | D        | Killed a hellion
   207 | D        | Killed a water elemental
   207 | D        | Reached skill level 8 in Fire Magic
   207 | D        | Reached XP level 4. HP: 24/24 MP: 6/16
   249 | D        | Learned a level 4 spell: Sticky Flame
   254 | D        | Found a radiant altar of Vehumet.
   254 | D        | Found a shimmering blue altar of Sif Muna.
   254 | D        | Found an ancient bone altar of Kikubaaqudgha.
   257 | D        | Reached skill level 9 in Fire Magic
   257 | D        | Reached XP level 5. HP: 28/28 MP: 12/18
   259 | D        | Noticed a red devil
   263 | D        | Mangled by a red devil

Levels and vault maps discovered:
D:        dungeon_sprint_mu [sprint_mu_entry_forest, sprint_mu_temple_rooms,
          sprint_mu_d1_horrors, sprint_mu_d2_genie, sprint_mu_d3_branching,
          sprint_mu_orc_legion, sprint_mu_elf_gauntlet, sprint_mu_hive_nellie,
          sprint_mu_lair_fedhas, sprint_mu_vaults_butterflies,
          sprint_mu_slime_circle, sprint_mu_swamp_cave, sprint_mu_snake_twists,
          sprint_mu_blade_basic, sprint_mu_crypt_fortress,
          sprint_mu_tomb_spiral, sprint_mu_vestibule_basic,
          sprint_mu_gehenna_hellfire, sprint_mu_dis_giant,
          sprint_mu_tartarus_statrot, sprint_mu_cocytus_islands, sprint_mu_zot1]

Skill      XL: |  1  2  3  4 |
---------------+-------------+-----
Fire Magic     | 6 7 8 9 |  9.0
Spellcasting   | 5 6 8 |  8.8
Dodging        | |  2.4
Stealth        | |  2.4

Action                   |  1- 3 |  4- 6 || total
-------------------------+-------+-------++-------
 Cast: Foxfire           |    18 |       ||    18
       Searing Ray       |     1 |     4 ||     5
       Conjure Flame     |     1 |     1 ||     2
  Use: Potion            |     3 |       ||     3
Dodge: Dodged            |     1 |       ||     1
